 Dungeon Crawl Stone Soup version 0.23.2-1-ga50397a (webtiles) character file.

Game seed: 1074971332722294988

321580 Rekt the Hoplite (level 20, -4/199 HPs)
             Began as a Minotaur Monk on Apr 21, 2019.
             Was the Champion of Okawaru.
             Slain by an ettin
             ... wielding a +0 dire flail
              (30 damage)
             ... on level 5 of the Vaults on Apr 24, 2019.
             The game lasted 02:57:57 (34136 turns).

Rekt the Hoplite (Minotaur Monk)                   Turns: 34136, Time: 02:57:58

Health: -4/199     AC: 39    Str: 27    XL:     20   Next: 65%
Magic:  19/20      EV: 13    Int:  7    God:    Okawaru [******]
Gold:   2311       SH: 32    Dex: 19    Spells: 19/19 levels left

rFire    + + .     SeeInvis .   a - +8 broad axe (freeze)
rCold    + . .     Gourm    .   N - +3 large shield "Tifamin" {rF+}
rNeg     . . .     Faith    .   J - +9 gold dragon scales
rPois    +         Spirit   .   L - +1 hat
rElec    .         Reflect  +   S - scarf {repulsion}
rCorr    .         Harm     .   q - +2 pair of gloves {Dex+3}
MR       ++...                  R - +0 pair of boots {Stlth+}
Stlth    ..........             n - +3 amulet of reflection
HPRegen  0.43/turn              W - ring of protection from magic
MPRegen  0.17/turn              F - +5 ring of strength

@: heroism, heavily drained, repel missiles
A: retaliatory headbutt, horns 2
}: 2/15 runes: serpentine, barnacled
a: Heroism, Finesse, Renounce Religion


You were on level 5 of the Vaults.
You worshipped Okawaru.
Okawaru was exalted by your worship.
You were not hungry.

You visited 7 branches of the dungeon, and saw 36 of its levels.
You visited 1 bazaar.
You also visited: Ossuary.

You collected 3546 gold pieces.
You spent 1235 gold pieces at shops.

Inventory:

Hand Weapons
 a - a +8 broad axe of freezing (weapon)
 b - a +2 broad axe of flaming
 y - the +1 broad axe of Radicalism {freeze, Str+2}
   (Okawaru gifted it to you on level 4 of the Vaults)

   It has been specially enchanted to freeze those struck by it, causing extra
   injury to most foes and up to half again as much damage against particularly
   susceptible opponents.
   It can also slow down cold-blooded creatures.
   It affects your strength (+2).
 O - a +0 demon trident of electrocution
 Q - the +3 broad axe of Feiddem {flame, rN+ Str-5 Int+4 Dex+5}
   (You bought it in a shop on level 2 of the Vaults)

   It has been specially enchanted to burn those struck by it, causing extra
   injury to most foes and up to half again as much damage against particularly
   susceptible opponents.
   Big, fiery blades are also staple armaments of hydra-hunters.
   It affects your strength (-5).
   It affects your intelligence (+4).
   It affects your dexterity (+5).
   It protects you from negative energy.
 X - a +1 demon blade of flaming
 Z - a +0 demon whip of flaming
Armour
 q - a +2 pair of gloves of dexterity (worn)
 t - the +3 warlock's mirror {reflect}
   (You found it on level 4 of the Shoals)
 G - a +0 large shield of protection
 J - +9 gold dragon scales (worn)
 L - a +1 hat (worn)
 N - the +3 large shield "Tifamin" (worn) {rF+}
   (You bought it in a shop on level 2 of the Orcish Mines)

   It protects you from fire.
 R - a +0 pair of boots of stealth (worn)
 S - a scarf of repulsion (worn)
Jewellery
 j - an uncursed ring of positive energy
 n - a +3 amulet of reflection (around neck)
 r - an uncursed ring of ice {unknown}
 s - an uncursed ring of see invisible {unknown}
 F - a +5 ring of strength (right hand)
 H - an uncursed ring of protection from magic
 K - a +6 ring of evasion
 T - an uncursed ring of resist corrosion
 W - a ring of protection from magic (left hand)
 Y - a cursed amulet of inaccuracy {unknown}
Wands
 f - a wand of acid (30)
 x - a wand of disintegration (11)
 A - a wand of digging (4)
Scrolls
 e - 5 scrolls of blinking
 h - 30 scrolls of identify
 l - 17 scrolls of remove curse
 m - 5 scrolls of fog
 u - 13 scrolls of teleportation
 w - a scroll of summoning {unknown}
 z - 2 scrolls of silence
 B - 9 scrolls of fear
 D - a scroll of holy word
 E - 2 scrolls of magic mapping
Potions
 d - 2 potions of berserk rage
 g - 8 potions of heal wounds
 i - 13 potions of curing
 k - 8 potions of flight
 o - 7 potions of agility
 p - 2 potions of haste
 v - 4 potions of might
 C - 4 potions of cancellation
 M - 2 potions of resistance
Comestibles
 c - 51 rations


   Skills:
 * Level 21.7(24.3) Fighting
 + Level 22.0(24.5) Axes
 * Level 17.8(20.5) Armour
 + Level 6.6(9.8) Dodging
 - Level 1.5(4.9) Stealth
 + Level 22.3(24.5) Shields
 + Level 1.3(0.0) Invocations
 + Level 1.3(0.0) Evocations


You had 19 spell levels left.
You didn't know any spells.
Your spell library contained the following spells:

 Spells                   Type           Power        Failure   Level  Hunger
 Animate Skeleton         Necr           N/A          99%         1    ##.....
 Infusion                 Chrm           #...         99%         1    ##.....
 Pain                     Necr           #...         99%         1    ##.....
 Summon Butterflies       Summ           #.......     99%         1    ##.....
 Blink                    Tloc           N/A          100%        2    ###....
 Poisonous Vapours        Pois/Air       #.....       100%        2    ###....
 Shroud of Golubria       Chrm/Tloc      #.........   100%        2    ###....
 Song of Slaying          Chrm           #.......     100%        2    ###....
 Sublimation of Blood     Necr           #.........   100%        2    ###....
 Call Canine Familiar     Summ           #.......     100%        3    ####...
 Conjure Flame            Conj/Fire      #.......     100%        3    ####...
 Gell's Gravitas          Tloc           #.........   100%        3    ####...
 Ignite Poison            Fire/Tmut/Pois #.......     100%        3    ####...
 Lesser Beckoning         Tloc           #.........   100%        3    ####...
 Mephitic Cloud           Conj/Pois/Air  #.......     100%        3    ####...
 Regeneration             Chrm/Necr      #.........   100%        3    ####...
 Spectral Weapon          Hex/Chrm       #.......     100%        3    ####...
 Teleport Other           Tloc           #.......     100%        3    ####...
 Vampiric Draining        Necr           #.........   100%        3    ####...
 Animate Dead             Necr           N/A          100%        4    #####..
 Cause Fear               Hex            #.........   100%        4    #####..
 Passage of Golubria      Tloc           N/A          100%        4    #####..
 Petrify                  Tmut/Erth      #.......     100%        4    #####..
 Summon Ice Beast         Ice/Summ       #.......     100%        4    #####..
 Alistair's Intoxication  Tmut/Pois      #.......     100%        5    ######.
 Irradiate                Conj/Tmut      #.........   100%        5    ######.
 Silence                  Hex/Air        #.........   100%        5    ######.
 Summon Mana Viper        Hex/Summ       #.......     100%        5    ######.
 Yara's Violent Unravell  Hex/Tmut       #.........   100%        5    ######.
 Deflect Missiles         Chrm/Air       #.........   100%        6    #######
 Freezing Cloud           Conj/Ice/Air   #.........   100%        6    #######
 Ring of Flames           Chrm/Fire      #.........   100%        7    #######
 Summon Hydra             Summ           #.........   100%        7    #######
 Discord                  Hex            #.........   100%        8    #######


Dungeon Overview and Level Annotations

Branches:
Dungeon (14/15)            Temple (1/1) D:6            Lair (6/6) D:11
 Shoals (4/4) Lair:4        Snake (4/4) Lair:2        Slime (0/5) Lair:5
    Orc (2/2) D:10            Elf (0/3) Orc:2        Vaults (5/5) D:14
  Crypt (0/3) Vaults:2

Altars:
Ashenzari
Cheibriados
Dithmenos
Elyvilon
Fedhas
Gozag
Hepliaklqana
Kikubaaqudgha
Makhleb
Nemelex Xobeh
Okawaru
Qazlal
Ru
Sif Muna
Trog
Uskayaw
Vehumet
Wu Jian
Yredelemnul
Zin
The Shining One
Beogh

Shops:
D:9 =   D:11 *   Orc:1 :   Orc:2 %*:%   Snake:1 ??[[   Snake:3 [:   Vaults:2 (

Annotations:
Lair:6 exclusion: 4 oklob plants


Innate Abilities, Weirdness & Mutations

You reflexively headbutt those who attack you in melee.
You have a pair of horns on your head.


Message History

The vault guard hits you but does no damage.
The ettin barely misses you. x2
The vault warden hits you with a +0 great mace!
* * * LOW HITPOINT WARNING * * *
The vault guard hits you but does no damage.
You block the iron dragon's attack. The iron dragon completely misses you.
The iron dragon tramples you but does no damage.
You fail to use your ability.
You block the shadow dragon's attack. x3
An ettin comes into view. It is wielding two +0 dire flails.
The titan waves its arms in wide circles.
The air twists around and strikes you!
* * * LOW HITPOINT WARNING * * *
The vault guard hits you but does no damage.
The shadow dragon bites you but does no damage.
You block the shadow dragon's attack. The shadow dragon claws you!
* * * LOW HITPOINT WARNING * * *
A phantasmal warrior comes into view.
You block the vault guard's attack. The ettin barely misses you.
The ettin hits you with a +0 dire flail!!
You die...

.### #....# #
.#.##....#.#
...#....#.##
...........
#####........##
........p......
......CDDD.....
.....p.@pC<....
......CpD<.....
#####p.pp.C..##
W..Q........
C...#....#...
......#....# ..
####..#....# .
#..#....#


You could see 2 shadow dragons, an iron dragon, a titan, a fire giant, a
quicksilver dragon, a stone giant, a vault warden, a tengu reaver, 6 vault
guards, 2 ettins and a phantasmal warrior.

Vanquished Creatures
  Mara (Vaults:4)
  Boris (Vaults:2)
  Xtahua (Vaults:4)
  Rupert (Lair:4)
  A tentacled monstrosity (Vaults:5)
  2 krakens
  3 sphinxes
  2 tengu reavers
  A revenant (Vaults:2)
  9 nagarajas
  Roxanne (Snake:1)
  2 fire giants
  Louise (Snake:4)
  Aizul (Snake:1)
  9 vault wardens
  2 frost giants (Vaults:4)
  A ghoul (Vaults:2)
  13 ironheart preservers
  7 stone giants
  2 entropy weavers (Vaults:3)
  6 dire elephants (Lair:6)
  2 deep elf annihilators (Vaults:2)
  The ghost of ck1fx the Basher, a journeyman GrMo of Nemelex Xobeh (Lair:6)
  Josephine (Snake:1)
  2 ettins
  2 fire dragons
  3 merfolk javelineers (Shoals:4)
  2 merfolk impalers (Shoals:4)
  5 yaktaur captains
  25 vault guards
  3 ice dragons (Vaults:1)
  Harold (D:7)
  17 naga warriors
  8 anacondas
  8 hydras
  3 centaur warriors
  A death knight (Vaults:4)
  32 two-headed ogres
  2 merfolk avatars
  3 alligator snapping turtles
  The ghost of Morgon the Destroyer, a journeyman DrCj of Vehumet (Lair:1)
  3 merfolk aquamancers (Shoals:4)
  Erica (D:9)
  A dancing weapon (Vaults:3)
  14 ogre magi
  An orc high priest (Orc:1)
  2 deep troll earth magi
  Urug (D:12)
  11 naga sharpshooters
  8 shock serpents
  Sonja (Orc:2)
  5 deep elf knights
  4 salamander mystics
  2 unseen horrors (D:10)
  7 sea snakes
  4 wizards
  7 naga ritualists
  A deep troll (shapeshifter) (Vaults:2)
  A glowing orange brain (Vaults:4)
  7 deep trolls
  9 harpies
  A deep elf archer (Vaults:2)
  15 orc knights
  7 ironbrand convokers
  Pikel (D:7)
  2 necromancers (Vaults:3)
  4 mana vipers
  15 salamanders
  3 wolf spiders
  2 orc sorcerers (Vaults:1)
  5 deep elf magi (Vaults:2)
  A moth of wrath (Lair:6)
  21 ugly things
  6 manticores
  A stone giant zombie (Vaults:3)
  5 cyclopes
  5 fauns (Shoals:2)
  An elephant (shapeshifter) (Vaults:4)
  34 black mambas
  5 merfolk sirens
  4 elephants (Lair:6)
  3 guardian serpents
  A black mamba (shapeshifter) (Vaults:3)
  A gargoyle (D:12)
  25 naga magi
  A water nymph (Shoals:2)
  A guardian serpent (shapeshifter) (Vaults:4)
  8 vault sentinels
  19 spiny frogs
  A rime drake (shapeshifter) (Vaults:1)
  2 freezing wraiths
  A kobold demonologist (D:14)
  A komodo dragon (shapeshifter) (Vaults:1)
  3 rime drakes
  6 komodo dragons
  33 yaktaurs
  A queen bee (shapeshifter) (Vaults:2)
  A polar bear (Lair:5)
  A jumping spider (shapeshifter) (Vaults:2)
  21 trolls
  A meliai (shapeshifter) (Vaults:1)
  17 merfolk
  7 dream sheep (Lair:6)
  4 wind drakes
  8 blink frogs
  13 slime creatures
  17 hippogriffs
  4 snapping turtles
  7 redbacks
  Sigmund (D:5)
  2 shadows
  3 water elementals
  2 tarantellas (Vaults:3)
  7 wyverns
  36 yaks
  4 basilisks
  A golden eye (shapeshifter) (Vaults:4)
  8 wraiths
  2 human simulacra (Vaults:3)
  12 wargs
  37 nagas
  4 acid dragons
  A soldier ant (D:13)
  A swamp worm (shapeshifter) (Vaults:4)
  9 porcupines
  13 water moccasins
  5 sky beasts
  5 ice beasts
  42 orc warriors
  Purgy (D:4)
  2 phantoms
  2 slaves (D:7)
  A black bear (shapeshifter) (Vaults:2)
  2 black bears
  2 eyes of draining
  2 necrophages
  A hornet zombie (D:13)
  65 ogres
  20 boggarts
  34 wolves
  16 crocodiles
  2 elf skeletons (Vaults:3)
  11 centaurs
  2 big kobolds
  A human skeleton (Vaults:3)
  An elf zombie (Ossuary)
  18 bullfrogs
  A wyvern zombie (D:14)
  2 wyvern skeletons
  A glowing shapeshifter simulacrum (Vaults:2)
  9 scorpions
  A water moccasin skeleton (D:9)
  6 killer bees (D:11)
  An electric eel (D:13)
  8 crimson imps
  6 howler monkeys
  4 bullfrog zombies
  2 quasits
  3 human zombies
  3 centaur zombies
  7 hounds
  22 orc priests
  5 jellies
  42 orc wizards
  4 centaur skeletons
  Jessica (D:3)
  Terence (D:2)
  6 hell rats (Lair:4)
  12 worker ants
  4 iguanas
  2 killer bee zombies
  A hound zombie (D:9)
  2 mummies (Ossuary)
  2 hound skeletons
  8 gnolls
  10 adders
  6 shadow imps
  4 adder zombies
  2 adder skeletons
  8 worms
  A dart slug (D:1)
  2 leopard geckos (D:6)
  157 orcs
  3 giant cockroaches
  12 goblins
  14 hobgoblins
  10 jackals
  6 kobolds
  5 quokkas
  2 ball pythons
  11 bats
  5 frilled lizards
  2 goblin zombies (Ossuary)
  11 hobgoblin zombies (Ossuary)
  A jackal zombie (Ossuary)
  10 kobold zombies (Ossuary)
  8 orc zombies (Ossuary)
  4 quokka zombies
  8 rats
  A rat zombie (D:7)
  A fungus (Lair:5)
  3 plants
  6 tentacles
1482 creatures vanquished.

Vanquished Creatures (others)
  Vashnia (Snake:4)
  A nagaraja (Snake:4)
  A merfolk javelineer (Shoals:4)
  A yaktaur captain (Vaults:2)
  2 centaur warriors (D:13)
  6 naga sharpshooters
  A satyr (Shoals:4)
  An unseen horror (Vaults:1)
  A deep elf archer (Vaults:3)
  A cyclops (D:14)
  17 yaktaurs
  3 boggarts
  5 centaurs
  2 orc wizards
  4 orcs
  3 fungi (Lair:6)
  14 plants
  15 tentacles
79 creatures vanquished.

Grand Total: 1561 creatures vanquished

Notes
Turn   | Place    | Note
-------+----------+-------------------------------------------
     0 | D:1      | Rekt the Minotaur Monk began the quest for the Orb.
     0 | D:1      | Reached XP level 1. HP: 19/19 MP: 0/0
   145 | D:1      | Reached XP level 2. HP: 26/27 MP: 1/1
   293 | D:3      | Reached skill level 1 in Armour
   293 | D:3      | Reached XP level 3. HP: 29/33 MP: 2/2
   746 | D:1      | Reached XP level 4. HP: 34/40 MP: 3/3
   770 | D:2      | Noticed Terence
   778 | D:2      | Killed Terence
   778 | D:2      | Reached skill level 5 in Axes
  1493 | D:2      | Reached XP level 5. HP: 43/47 MP: 4/4
  2250 | D:3      | Found a glowing golden altar of the Shining One.
  2354 | D:3      | Noticed Jessica
  2358 | D:3      | Killed Jessica
  2615 | D:4      | Noticed Purgy
  2904 | D:4      | Reached XP level 6. HP: 53/53 MP: 5/5
  3092 | D:5      | Entered Level 5 of the Dungeon
  3183 | D:4      | Killed Purgy
  3211 | D:4      | Noticed a moth of wrath
  3214 | D:4      | Found a bloodstained altar of Trog.
  3337 | D:5      | Noticed a sky beast
  3345 | D:5      | Killed a sky beast
  3345 | D:5      | Reached XP level 7. HP: 42/60 MP: 6/6
  3403 | D:5      | Reached skill level 5 in Armour
  3463 | D:5      | Noticed Sigmund
  3465 | D:5      | Reached skill level 1 in Shields
  3646 | D:7      | Found a sand-covered staircase.
  3661 | D:7      | Reached skill level 5 in Fighting
  3668 | Ossuary  | Entered an ossuary
  3796 | Ossuary  | Reached XP level 8. HP: 46/68 MP: 7/7
  3898 | D:8      | Noticed a hippogriff
  3953 | D:5      | Killed Sigmund
  4367 | D:5      | Found a faded altar of an unknown god.
  4367 | D:5      | Found an opulent altar of Gozag.
  4372 | D:5      | Found a glowing silver altar of Zin.
  4375 | D:5      | Found a faded altar of an unknown god.
  4376 | D:5      | Found a shadowy altar of Dithmenos.
  4602 | D:6      | Found a blossoming altar of Fedhas.
  4643 | D:6      | Reached skill level 10 in Axes
  4694 | D:6      | Found a staircase to the Ecumenical Temple.
  4703 | Temple   | Entered the Ecumenical Temple
  4769 | Temple   | Became a worshipper of Warmaster Okawaru
  4769 | Temple   | Reached * piety under Okawaru
  4769 | Temple   | Reached ** piety under Okawaru
  5177 | D:7      | Reached XP level 9. HP: 11/75 MP: 8/8
  5521 | D:7      | Found a burning altar of Makhleb.
  5548 | D:7      | Noticed Harold
  5561 | D:7      | Killed Harold
  5561 | D:7      | Reached *** piety under Okawaru
  5691 | D:7      | Noticed Pikel
  5700 | D:7      | Killed Pikel
  5714 | D:7      | Reached **** piety under Okawaru
  5904 | D:8      | Reached XP level 10. HP: 84/84 MP: 9/9
  6000 | D:8      | Found a stormy altar of Qazlal.
  6022 | D:8      | You fall through a shaft for 2 floors!
  6022 | D:10     | Entered Level 10 of the Dungeon
  6056 | D:9      | Noticed Erica
  6069 | D:9      | Killed Erica
  6069 | D:9      | Reached skill level 5 in Dodging
  6069 | D:9      | Reached skill level 5 in Shields
  6105 | D:9      | Reached ***** piety under Okawaru
  6171 | D:9      | Found Noeduan's Jewellery Shoppe.
  6205 | D:9      | Received a gift from Okawaru
  6269 | D:9      | Bought a +3 amulet of reflection for 172 gold pieces
  6732 | D:9      | Noticed a two-headed ogre
  6734 | D:9      | Noticed a cyclops
  6742 | D:9      | Killed a two-headed ogre
  6756 | D:9      | Killed a cyclops
  6880 | D:9      | Reached XP level 11. HP: 53/92 MP: 10/10
  7042 | D:9      | Found a blossoming altar of Fedhas.
  7163 | D:9      | Identified the +0 leather armour "Put-Me-On" {rElec rC-
                  | rCorr Int-4}
  7181 | D:9      | Found an ornate altar of the Wu Jian Council.
  7442 | D:10     | Killed an unseen horror
  7598 | D:10     | Killed an unseen horror
  7598 | D:10     | Reached skill level 15 in Axes
  7798 | D:10     | Found a staircase to the Orcish Mines.
  7931 | D:11     | Found Leweupon's General Store.
  7935 | D:11     | Found a staircase to the Lair.
  7944 | D:11     | Noticed a cyan ugly thing
  7955 | D:11     | Killed a cyan ugly thing
  7999 | D:11     | Found a roughly hewn altar of Beogh.
  8020 | D:11     | Received a gift from Okawaru
  8035 | D:11     | Reached skill level 10 in Armour
  8442 | D:11     | Noticed a white ugly thing
  8442 | D:11     | Noticed a four-headed hydra
  8475 | D:10     | Killed a 12-headed hydra
  8961 | Lair:1   | Entered Level 1 of the Lair of Beasts
  9011 | Orc:1    | Entered Level 1 of the Orcish Mines
  9011 | Orc:1    | Noticed an orc high priest
  9018 | D:10     | Reached XP level 12. HP: 73/103 MP: 11/11
  9395 | Orc:1    | Killed an orc high priest
  9575 | Orc:1    | Identified a scroll of acquirement
  9612 | D:10     | Reached skill level 10 in Shields
  9965 | Orc:1    | Reached ****** piety under Okawaru
  9990 | Orc:1    | Found a roughly hewn altar of Beogh.
  9998 | Orc:1    | Found Vewkuw's Book Shop.
 10250 | Orc:2    | Entered Level 2 of the Orcish Mines
 10250 | Orc:2    | Noticed an ettin
 10286 | Orc:2    | Noticed Sonja
 10286 | Orc:2    | Noticed a two-headed ogre
 10286 | Orc:2    | Noticed a two-headed ogre
 10316 | Orc:2    | Killed a two-headed ogre
 10316 | Orc:2    | Received a gift from Okawaru
 10320 | Orc:2    | Killed a two-headed ogre
 10340 | Orc:2    | Noticed a two-headed ogre
 10350 | Orc:2    | Killed a two-headed ogre
 10369 | Orc:2    | Killed Sonja
 10375 | Orc:2    | Noticed an ogre mage
 10378 | Orc:2    | Noticed a two-headed ogre
 10389 | Orc:2    | Killed a two-headed ogre
 10393 | Orc:2    | Reached skill level 10 in Fighting
 10397 | Orc:2    | Killed an ogre mage
 10397 | Orc:2    | Received a gift from Okawaru
 10465 | Orc:2    | Noticed a two-headed ogre
 10475 | Orc:2    | Noticed an ogre mage
 10477 | Orc:2    | Killed a two-headed ogre
 10489 | Orc:2    | Reached XP level 13. HP: 40/114 MP: 12/12
 10883 | Orc:2    | Found Tavaxug's Food Shop.
 10894 | Orc:2    | Found Fawyac's Assorted Antiques.
 10903 | Orc:2    | Found Siugep's Food Shop.
 10939 | Orc:2    | Found a roughly hewn altar of Beogh.
 11076 | Orc:2    | Found Atsemuz's Book Boutique.
 11084 | Orc:2    | Found a staircase to the Elven Halls.
 11091 | Orc:2    | Received a gift from Okawaru
 11130 | Orc:2    | Bought a crude large shield for 304 gold pieces
 11137 | Orc:2    | Found a roughly hewn altar of Beogh.
 11286 | Orc:2    | Identified the +3 large shield "Tifamin" {rF+} (You bought
                  | it in a shop on level 2 of the Orcish Mines)
 11370 | Orc:2    | Killed an ettin
 11700 | Lair:1   | Found a blossoming altar of Fedhas.
 11906 | Lair:1   | Found a runed translucent door.
 11907 | Lair:1   | Noticed Morgon's ghost (journeyman DrCj)
 11921 | Lair:1   | Killed Morgon's ghost
 12325 | Lair:2   | Received a gift from Okawaru
 12683 | Lair:2   | Found a staircase to the Snake Pit.
 12720 | Lair:2   | Reached XP level 14. HP: 125/126 MP: 13/13
 13238 | Lair:3   | Received a gift from Okawaru
 14235 | Lair:4   | Noticed Rupert
 14254 | Lair:4   | Killed Rupert
 14438 | Lair:4   | Found a staircase to the Shoals.
 15196 | Lair:5   | Received a gift from Okawaru
 15274 | Lair:5   | Found a staircase to the Slime Pits.
 15803 | Lair:6   | Entered Level 6 of the Lair of Beasts
 16157 | Lair:6   | Found a transporter.
 16216 | Lair:6   | Found a transporter.
 16221 | Lair:6   | Noticed ck1fx's ghost (journeyman GrMo)
 16351 | Lair:6   | Reached skill level 15 in Shields
 16366 | Lair:6   | Killed ck1fx's ghost
 16885 | Lair:6   | Received a gift from Okawaru
 17502 | Lair:6   | Reached XP level 15. HP: 51/136 MP: 14/14
 18047 | D:12     | Noticed Urug
 18066 | D:12     | Killed Urug
 19503 | D:14     | Found a gate to the Vaults.
 19889 | D:14     | Received a gift from Okawaru
 20002 | Snake:1  | Entered Level 1 of the Snake Pit
 20026 | Snake:1  | Noticed Roxanne
 20044 | Snake:1  | Killed Roxanne
 20074 | Snake:1  | Found Deref's Antique Armour Emporium.
 20074 | Snake:1  | Found Estoh's Magic Scroll Shoppe.
 20075 | Snake:1  | Found Zainifawk's Antique Armour Emporium.
 20079 | Snake:1  | Found Onugoff's Magic Scroll Shoppe.
 20085 | Snake:1  | Bought a scroll of enchant weapon for 112 gold pieces
 20085 | Snake:1  | Bought a scroll of enchant armour for 112 gold pieces
 20085 | Snake:1  | Bought a scroll of enchant weapon for 112 gold pieces
 20484 | Snake:1  | Found a basalt altar of Yredelemnul.
 20523 | Snake:1  | Noticed Aizul
 20544 | Snake:1  | Killed Aizul
 20789 | Snake:1  | Noticed Josephine
 20801 | Snake:1  | Killed Josephine
 21239 | Snake:2  | Reached skill level 15 in Fighting
 21808 | Snake:2  | Received a gift from Okawaru
 21811 | Snake:2  | Got a pitted battleaxe {god gift}
 21813 | Snake:2  | Identified the +7 battleaxe "Noiqiereyxt" {freeze, Int+2}
                  | (Okawaru gifted it to you on level 2 of the Snake Pit)
 21906 | Snake:2  | Reached XP level 16. HP: 142/149 MP: 15/15
 22169 | Snake:2  | Received a gift from Okawaru
 23306 | Snake:3  | Found Cize's Armour Emporium.
 23310 | Snake:3  | Found Pofuck's Book Emporium.
 23556 | Snake:4  | Entered Level 4 of the Snake Pit
 23806 | Snake:4  | Noticed Louise
 23923 | Snake:4  | Received a gift from Okawaru
 24023 | Snake:4  | Killed Louise
 24023 | Snake:4  | Reached skill level 1 in Invocations
 24488 | Snake:4  | Reached XP level 17. HP: 152/160 MP: 14/16
 24691 | Snake:4  | Received a gift from Okawaru
 25156 | Snake:4  | Got a serpentine rune of Zot
 25285 | Snake:4  | Noticed Vashnia
 25306 | Snake:4  | Killed Vashnia
 25306 | Snake:4  | Reached skill level 15 in Armour
 25453 | Snake:1  | Got a pitted mace
 25560 | Shoals:1 | Entered Level 1 of the Shoals
 25576 | Lair:4   | Identified the +4 mace "Lipnuakhlef" {crush, Str+5} (You
                  | found it on level 1 of the Snake Pit)
 26072 | Shoals:2 | Found a shattered altar of Ashenzari.
 26084 | Shoals:2 | Noticed a kraken
 26107 | Shoals:2 | Killed a kraken
 26382 | Shoals:4 | Entered Level 4 of the Shoals
 26464 | Shoals:4 | Found the +3 warlock's mirror {reflect}
 26550 | Shoals:4 | Noticed a kraken
 26615 | Shoals:4 | Reached skill level 1 in Evocations
 26704 | Shoals:4 | Received a gift from Okawaru
 26891 | Shoals:4 | Killed a kraken
 26902 | Shoals:4 | Got a barnacled rune of Zot
 27413 | D:14     | Reached XP level 18. HP: 171/171 MP: 18/18
 28061 | Vaults:1 | Entered Level 1 of the Vaults
 28222 | Vaults:1 | Found a sacrificial altar of Ru.
 28708 | Vaults:1 | Received a gift from Okawaru
 28722 | Vaults:1 | Got a pair of encrusted gloves {god gift}
 28893 | Vaults:1 | Identified the +2 pair of gloves "Jaipyjun" {Int+2}
                  | (Okawaru gifted it to you on level 1 of the Vaults)
 30024 | Vaults:2 | Found Edghifudd's Antique Weapon Boutique.
 30030 | Vaults:2 | Bought a fine broad axe for 333 gold pieces
 30030 | Vaults:2 | Identified the +3 broad axe of Feiddem {flame, rN+ Str-5
                  | Int+4 Dex+5} (You bought it in a shop on level 2 of the
                  | Vaults)
 30251 | Vaults:2 | Found a staircase to the Crypt.
 30448 | Vaults:2 | Noticed Boris
 30456 | Vaults:2 | Killed Boris
 30479 | Vaults:2 | Received a gift from Okawaru
 30483 | Vaults:2 | Reached XP level 19. HP: 170/183 MP: 19/19
 31079 | Vaults:3 | Received a gift from Okawaru
 31460 | Vaults:3 | Got a distressingly furry cloak
 31473 | Vaults:3 | Identified the +0 cloak of Beogh's Hope {+Blink Dex+5} (You
                  | acquired it on level 3 of the Vaults)
 31492 | Vaults:3 | Found a gateway to a bazaar.
 31500 | Bazaar   | Entered a bazaar
 31514 | Bazaar   | Found Lyli's Book Emporium.
 31514 | Bazaar   | Found Neunac's Food Shoppe.
 31560 | Bazaar   | Found Ukkauk's Antique Weapon Emporium.
 31560 | Bazaar   | Found Risup's Jewellery Shoppe.
 31582 | Bazaar   | Found Taob's Gadget Emporium.
 31597 | Bazaar   | Found Hoicwoh's General Store.
 31601 | Bazaar   | Bought a scroll of enchant armour for 90 gold pieces
 31645 | Vaults:3 | Received a gift from Okawaru
 32375 | Vaults:4 | Noticed Mara
 32386 | Vaults:4 | Killed Mara
 32607 | Vaults:4 | Reached XP level 20. HP: 186/195 MP: 20/20
 32614 | Vaults:4 | Received a gift from Okawaru
 33011 | Vaults:4 | Noticed Xtahua
 33024 | Vaults:4 | Killed Xtahua
 33785 | Vaults:4 | Received a gift from Okawaru
 33789 | Vaults:4 | Got a slimy broad axe {god gift}
 33790 | Vaults:4 | Identified the +1 broad axe of Radicalism {freeze, Str+2}
                  | (Okawaru gifted it to you on level 4 of the Vaults)
 34075 | Vaults:5 | Entered Level 5 of the Vaults
 34136 | Vaults:5 | Slain by an ettin

Skill      XL: |  1  2  3  4  5  6  7  8  9 10 11 12 13 14 15 16 17 18 19 20 |
---------------+-------------------------------------------------------------+-----
Axes           | 4 5 6 7 9 10 12 14 15 16 17 18 19 20 21 22 | 22.0
Fighting       | 4 5 6 7 8 10 12 13 15 16 17 19 20 21 | 21.7
Armour         | 1 2 3 4 5 6 7 9 10 11 12 13 14 15 16 17 | 17.8
Dodging        | 4 5 6 |  6.6
Shields        | 1 3 4 6 9 11 13 15 17 18 19 20 21 22 | 22.3
Invocations    | 1 |  1.3
Evocations     | 1 |  1.3
Stealth        | |  1.5

Action                   |  1- 3 |  4- 6 |  7- 9 | 10-12 | 13-15 | 16-18 | 19-21 || total
-------------------------+-------+-------+-------+-------+-------+-------+-------++-------
Melee: Hand axe          |    58 |   102 |       |       |       |       |       ||   160
       Headbutt          |    10 |    21 |    38 |   140 |   308 |   369 |   196 ||  1082
       War axe           |       |    30 |   223 |   603 |    77 |       |       ||   933
       Broad axe         |       |       |       |       |   943 |  1173 |   583 ||  2699
Invok: Heroism           |       |       |       |     2 |     1 |     7 |     4 ||    14
       Finesse           |       |       |       |       |       |     1 |       ||     1
Evoke: Wand              |       |       |       |     1 |    10 |    18 |       ||    29
  Use: Scroll            |       |    13 |    15 |     9 |    12 |     7 |     5 ||    61
       Potion            |       |       |       |     3 |     1 |     2 |     3 ||     9
 Stab: Sleeping          |     1 |     1 |     1 |       |       |       |       ||     3
  Eat: Chunk             |       |     7 |     6 |     9 |    22 |    19 |    10 ||    73
       Ration            |       |       |     1 |     2 |     4 |     3 |     1 ||    11
Armor: Ring mail         |    31 |    39 |    36 |       |       |       |       ||   106
       Scale mail        |       |       |    61 |    28 |       |       |       ||    89
       Chain mail        |       |       |       |   221 |   157 |       |       ||   378
       Gold dragon scale |       |       |       |       |    29 |   240 |   189 ||   458
Dodge: Dodged            |    57 |    78 |    82 |   172 |   243 |   158 |   106 ||   896
       Deflected         |       |       |       |       |     5 |    53 |     6 ||    64
Block: Shield            |       |       |    97 |   355 |       |       |       ||   452
       Reflection        |       |       |       |    33 |    34 |   276 |    65 ||   408
       Buckler           |       |       |       |    47 |    29 |       |       ||    76
       Large shield      |       |       |       |       |  1020 |  1367 |   689 ||  3076
